 Dungeon Crawl Stone Soup version 0.30-a0-1164-ge08a67761e (webtiles) character file.

Game seed: 464336136348255140

9135 vineage the Fighter (level 11, -1/75 HPs)
             Began as a Gargoyle Fighter on Apr 29, 2023.
             Was an Elder of Okawaru.
             Slain by a starcursed mass (10 damage)
             ... summoned by a glowing orange brain
             ... on level 1 of the Abyss.
             The game lasted 00:12:25 (9825 turns).

vineage the Fighter (Gargoyle Fighter)              Turns: 9825, Time: 00:12:25

Health: -1/75      AC: 28    Str: 20    XL:     11   Next: 41%
Magic:  12/13      EV: 13    Int:  9    God:    Okawaru [****..]
Gold:   617        SH: 12    Dex: 13    Spells: 10/10 levels left

rFire   . . .        z - +4 flail
rCold   . . .        l - +0 kite shield
rNeg    + . .        o - +0 plate armour
rPois   ∞            (no helmet)
rElec   +            q - +1 cloak
rCorr   .            E - +0 pair of gloves
SInv    +            (no boots)
Will    .....        (no amulet) Stlth
                     s - ring of see invisible
HPRegen 1.12/turn    h - +5 ring of evasion
MPRegen 0.13/turn

%: no passive effects
@: heroic
A: sickness immunity, AC +8, negative energy resistance 1, electricity
resistance, torment resistance 1, petrification resistance, regeneration 1
a: Renounce Religion, Heroism, Finesse


You were on level 1 of the Abyss.
You worshipped Okawaru.
Okawaru was greatly pleased with you.
You visited 2 branches of the dungeon, and saw 10 of its levels.
You visited the Abyss 1 time.
You also visited: Bailey.

You collected 617 gold pieces.

Inventory:

Hand Weapons
 a - a +0 flail of draining
 f - a +2 flail of protection
 z - a +4 flail (weapon)
Armour
 l - a +0 kite shield (worn)
 o - a +0 plate armour (worn)
 q - a +1 cloak (worn)
 E - a +0 pair of gloves (worn)
Jewellery
 h - a +5 ring of evasion (right hand)
 i - the ring "Kehop" {rElec Will- rCorr Dex+5}
   (You found it on level 3 of the Dungeon)

   [ring of resist corrosion]

   Dex:       It affects your dexterity (+5).
   rElec:     It insulates you from electricity.
   rCorr:     It protects you from acid and corrosion.
   Will:      It decreases your willpower.
 s - a ring of see invisible (left hand)
Wands
 w - a wand of flame (7)
 y - a wand of roots (19)
 H - a wand of light (4)
Scrolls
 e - 5 scrolls of immolation
 g - a scroll of magic mapping
 m - a scroll of poison
 x - 2 scrolls of fear
 C - 5 scrolls of enchant weapon
 D - a scroll of brand weapon
 F - 8 scrolls of enchant armour
Potions
 b - 2 potions of cancellation {unknown}
 d - 2 potions of lignification
 j - a potion of attraction
 k - 2 potions of brilliance
 n - a potion of ambrosia {unknown}
 p - a potion of flight {unknown}
 r - 2 potions of magic {unknown}
 t - 3 potions of haste {unknown}
 u - a potion of invisibility {unknown}
 v - 3 potions of heal wounds
 B - a potion of might


   Skills:
 + Level 11.6(16.6) Fighting
 * Level 10.1(15.1) Maces & Flails
 + Level 8.3(13.3) Armour
 + Level 8.3(13.3) Shields
 - Level 3.2 Invocations


You had 10 spell levels left.
You didn't know any spells.
Your spell library contained the following spells:

 Spells                   Type           Power      Damage    Failure   Level
 Kiss of Death            Conj/Necr      0%         2d5       100%        1
 Lesser Beckoning         Tloc           0%         N/A       100%        2
 Confusing Touch          Hex            0%         N/A       100%        3
 Gell's Gravitas          Tloc           0%         N/A       100%        3
 Teleport Other           Tloc           0%         N/A       100%        3
 Dispel Undead            Necr           0%         3d6       100%        4
 Animate Dead             Necr           Unusable   N/A       N/A         4
 Haunt                    Necr/Summ      Unusable   N/A       N/A         7
 Infestation              Necr           Unusable   N/A       N/A         8

Dungeon Overview and Level Annotations

Branches:
Dungeon (9/15)             Temple (1/1) D:6            Lair (0/5) D:9
 Bailey (visited)
    Orc: D:9-12

Altars:
Ashenzari
Cheibriados
Dithmenos
Elyvilon
Fedhas
Gozag
Hepliaklqana
Kikubaaqudgha
Makhleb
Nemelex Xobeh
Okawaru
Ru
Sif Muna
Trog
Uskayaw
Vehumet
Wu Jian
Xom
Yredelemnul
Zin
The Shining One

Shops:
D:7 *

Annotations:
D:8 2 transporters


Innate Abilities, Weirdness & Mutations

You are immune to sickness and miasma.
Your stone body is resilient. (AC +8)
You are immune to poison.
You resist negative energy. (rN+)
You are resistant to electric shocks. (rElec)
You are resistant to unholy torment.
You are immune to petrification.
Your natural rate of healing is unusually fast.


Message History

You sock the large abomination!
The large abomination is heavily damaged.
The worldbinder hits you but does no damage.
You block the worldbinder's attack.
You block the large abomination's attack.
The starcursed mass touches you but does no damage.
You block the black mamba's attack. A chorus of shrieks assaults your mind.
The black mamba hisses angrily.
You hit the large abomination.
The large abomination is heavily damaged.
You block the black mamba's attack. The worldbinder hits you.
You block the worldbinder's attack. The large abomination misses you.
You hit the large abomination but do no damage.
The large abomination is heavily damaged.
The black mamba bites you. The worldbinder barely misses you.
The worldbinder hits you but does no damage.
A starcursed mass splits.
The black mamba bites you but does no damage.
A deafening chorus of shrieks assaults your mind!
A freezing wraith comes into view.
You hit the large abomination.
The large abomination is heavily damaged.
You block the worldbinder's attack. The worldbinder barely misses you.
You block the large abomination's attack.
The black mamba bites you!
* * * LOW HITPOINT WARNING * * *
You hit the large abomination.
The large abomination is severely damaged.
You block the black mamba's attack.
The worldbinder hits you but does no damage.
The worldbinder barely misses you. The starcursed mass closely misses you.
A chorus of shrieks assaults your mind.
* * * LOW HITPOINT WARNING * * *
The large abomination hits you but does no damage.
You block the black mamba's attack.
You thump the large abomination!
The large abomination is severely damaged.
You block the worldbinder's attack. x2; The starcursed mass touches you!
You die...

..... ##..###_ ..#.
#........ .. .#. ##.
....W#.# .. # .....
#..#..#... . ..
.##.....#.# ...
...... ..#..###
..........#XX##.####
. .. ##...GXX#xS..#
. .... #...#X#@# . #
. .......ZXS# #.
.....######
.....##..# .... #...
. ...# ..


You could see 4 starcursed masses, a glowing orange brain, a large abomination,
a freezing wraith, a worldbinder, 2 black mambas and a centaur warrior zombie
(summoned).

Vanquished Creatures
  Pikel (D:8)
  A tengu conjurer (D:8)
  A shadow (D:9)
  11 yaks
  3 wyverns (D:8)
  A basilisk (D:9)
  Grum (D:9)
  A steam dragon (D:9)
  4 water moccasins
  2 ice beasts (D:7)
  12 orc warriors
  3 sky beasts
  3 wolves
  3 ogres
  2 centaurs
  A kobold brigand (D:8)
  2 phantoms
  3 lemures (D:7)
  Blork the orc (D:6)
  3 bullfrogs
  3 gnoll sergeants
  6 scorpions
  12 wights
  6 killer bees (D:8)
  A small abomination (Abyss:1)
  A crimson imp (Abyss:1)
  4 hounds
  11 orc priests
  A gnoll bouda (D:7)
  2 sleepcaps
  6 iguanas
  6 orc wizards
  20 gnolls
  7 adders
  A white imp (Abyss:1)
  5 dart slugs
  72 orcs
  9 ball pythons
  8 endoplasms
  8 giant cockroaches
  11 goblins
  10 hobgoblins
  2 jackals (D:2)
  11 kobolds
  5 quokkas
  3 bats (D:1)
  3 frilled lizards
  A rat (D:1)
  A spectral orc (D:7)
295 creatures vanquished.

Vanquished Creatures (others)
  3 fungi (D:9)
  14 plants (D:9)
17 creatures vanquished.

Grand Total: 312 creatures vanquished

Notes
Turn   | Place    | Note
-------+----------+-------------------------------------------
     0 | D:1      | vineage the Gargoyle Fighter began the quest for the Orb.
     0 | D:1      | Reached XP level 1. HP: 14/14 MP: 1/1
   100 | D:1      | Reached XP level 2. HP: 20/20 MP: 2/2
   133 | D:1      | Reached skill level 4 in Fighting
   462 | D:1      | Reached XP level 3. HP: 24/24 MP: 3/3
   931 | D:2      | Reached skill level 5 in Fighting
  1049 | D:2      | Reached XP level 4. HP: 31/31 MP: 4/4
  1126 | D:2      | Found a snail-covered altar of Cheibriados.
  1565 | D:3      | Found a bloodstained altar of Trog.
  1623 | D:3      | Identified the ring "Kehop" {rElec Will- rCorr Dex+5}
  2617 | D:4      | Reached skill level 6 in Fighting
  2617 | D:4      | Reached XP level 5. HP: 25/36 MP: 5/5
  3066 | D:4      | Noticed a phantom
  3082 | D:4      | Killed a phantom
  3083 | D:4      | Reached skill level 7 in Fighting
  3083 | D:4      | Reached XP level 6. HP: 29/44 MP: 6/6
  3342 | D:4      | Reached skill level 8 in Fighting
  3547 | D:4      | Reached XP level 7. HP: 44/50 MP: 7/7
  3732 | D:4      | Reached skill level 9 in Fighting
  3898 | D:5      | Entered Level 5 of the Dungeon
  4205 | D:5      | Noticed a yak
  4205 | D:5      | Noticed a yak
  4206 | D:5      | Noticed a yak
  4206 | D:5      | Noticed a yak
  4206 | D:5      | Noticed a yak
  4206 | D:5      | Noticed a yak
  4217 | D:5      | Killed a yak
  4218 | D:5      | Reached XP level 8. HP: 56/56 MP: 8/8
  4222 | D:5      | Killed a yak
  4224 | D:5      | Killed a yak
  4229 | D:5      | Killed a yak
  4234 | D:5      | Killed a yak
  4235 | D:5      | Reached skill level 5 in Maces & Flails
  4239 | D:5      | Killed a yak
  4240 | D:5      | Reached skill level 5 in Armour
  4240 | D:5      | Reached skill level 5 in Shields
  4242 | D:5      | Reached XP level 9. HP: 53/62 MP: 9/9
  4538 | D:5      | Found a blossoming altar of Fedhas.
  4598 | D:5      | Found a radiant altar of Vehumet.
  5219 | D:6      | Reached skill level 10 in Fighting
  5455 | D:6      | Noticed Blork the orc
  5465 | D:6      | Killed Blork the orc
  5655 | D:6      | Found a staircase to the Ecumenical Temple.
  5672 | Temple   | Entered the Ecumenical Temple
  5923 | Temple   | Became a worshipper of Warmaster Okawaru
  6563 | D:7      | Reached XP level 10. HP: 68/68 MP: 10/10
  6883 | D:7      | Found a hazy altar of Hepliaklqana.
  6933 | D:7      | Found Wocs's Serpentskin Sales.
  7052 | D:7      | Reached * piety under Okawaru
  7053 | D:7      | Reached skill level 1 in Invocations
  7520 | D:8      | Noticed Pikel
  7578 | D:8      | Killed Pikel
  7595 | D:8      | Found a flagged portal.
  7608 | Bailey   | Entered a bailey
  7699 | Bailey   | Reached ** piety under Okawaru
  7827 | Bailey   | HP: 3/68 [orc warrior/+0 glaive (11)]
  8258 | D:8      | Found a transporter.
  8263 | D:8      | Noticed a death knight
  8268 | D:8      | Noticed a death knight
  8288 | D:8      | Noticed a flayed ghost
  8289 | D:8      | Reached skill level 11 in Fighting
  8291 | D:8      | Noticed a skeletal warrior
  8342 | D:8      | Found a transporter.
  8342 | D:8      | Found an ancient bone altar of Kikubaaqudgha.
  8361 | D:8      | Found a basalt altar of Yredelemnul.
  8633 | D:8      | Reached *** piety under Okawaru
  8875 | D:8      | Found a white marble altar of Elyvilon.
  8908 | D:8      | Found an opulent altar of Gozag.
  9161 | D:9      | Reached XP level 11. HP: 74/74 MP: 13/13
  9166 | D:9      | Gained mutation: You are frail. (-10% HP) [potion of
                  | mutation]
  9166 | D:9      | Gained mutation: Your mind is acute. (Int +4, Str/Dex -1)
                  | [potion of mutation]
  9167 | D:9      | Lost mutation: You are frail. (-10% HP) [potion of
                  | mutation]
  9167 | D:9      | Lost mutation: Your mind is acute. (Int +4, Str/Dex -1)
                  | [potion of mutation]
  9167 | D:9      | Gained mutation: Your natural rate of healing is unusually
                  | fast. [potion of mutation]
  9189 | D:9      | Noticed Grum
  9562 | D:8      | Reached **** piety under Okawaru
  9588 | D:9      | Killed Grum
  9619 | D:9      | Reached skill level 10 in Maces & Flails
  9667 | D:9      | Found a staircase to the Lair.
  9741 | Abyss:1  | Cast into level 1 of the Abyss (orc wizard)
  9786 | Abyss:1  | Found a corrupted altar of Lugonu.
  9787 | Abyss:1  | Found a corrupted altar of Lugonu.
  9787 | Abyss:1  | Found a corrupted altar of Lugonu.
  9790 | Abyss:1  | Noticed a glowing orange brain
  9805 | Abyss:1  | Noticed a worldbinder
  9806 | Abyss:1  | Noticed a naga warrior
  9807 | Abyss:1  | Noticed a starcursed mass
  9819 | Abyss:1  | Noticed a glowing orange brain
  9825 | Abyss:1  | Slain by a starcursed mass

Illustrated notes

Levels and vault maps discovered:
D:1:      spicycebolla_green_bress_n_ham, layout_loops_ring
D:2:      layout_basic, basic_altar, chequers_big_river, guppyfry_early_orc_mine
D:3:      layout_basic, mainiacjoe_overflow_small_starburst, skrybe_limestone_x
D:4:      layout_loops_ring, minmay_misc_feat_alley
D:5:      layout_basic, fedhas_altar_3, nicolae_vehumet_altar_sigil,
          glass_columns_b
D:6:      layout_loops_ring, minmay_temple_entry_mist, uniq_blork_the_orc
D:7:      layout_loops_corners, nicolae_hepliaklqana_monster_ancestors,
          guppyfry_shop_venom
D:8:      layout_loops_ring, gammafunk_temple_of_torment, lemuel_crystal_altar,
          mainiacjoe_overflow_alcove_4, enter_bailey_5, uniq_pikel
D:9:      layout_roguey, minmay_lair_entry_grove, uniq_grum
Temple:   oiseaux_autumnal_temple
Abyss:1:  base:
D:2

Skill      XL: |  1  2  3  4  5  6  7  8  9 10 11 |
---------------+----------------------------------+-----
Fighting       | 4 5 6 7 8 9 10 11 | 11.6
Maces & Flails | 3 5 7 9 10 | 10.1
Armour         | 4 5 6 7 8 |  8.3
Shields        | 4 5 6 7 8 |  8.3
Invocations    | 3 |  3.2

Action                     |  1- 3 |  4- 6 |  7- 9 | 10-12 || total
---------------------------+-------+-------+-------+-------++-------
  Melee: Flail             |   164 |   150 |   292 |   655 ||  1261
 Invoke: Heroism           |       |       |       |     2 ||     2
    Use: Scroll            |     5 |     7 |     2 |     7 ||    21
         Potion            |       |     4 |     1 |     4 ||     9
 Armour: Scale mail        |    89 |    23 |       |       ||   112
         Chain mail        |       |    26 |       |       ||    26
         Plate armour      |       |    21 |   160 |   415 ||   596
  Dodge: Dodged            |    87 |    49 |    99 |   368 ||   603
  Block: Buckler           |    35 |    26 |       |       ||    61
         Kite shield       |       |    16 |   179 |   472 ||   667

Table legend: (Time is in decaauts)
 A = Elapsed time spent in this place.
 B = Non-inter-level travel time spent in this place.
 C = Inter-level travel time spent in this place.
 D = Time resting spent in this place.
 E = Time spent auto-exploring this place.
 F = Levels seen in this place.
 G = Mean time per level.
                   A        B        C        D        E       F      G
               +--------+--------+--------+--------+--------+-----+--------+
         Total |  10071 |   9618 |    453 |   1225 |   5988 |  12 |  839.2 |
       Dungeon |   9049 |   8652 |    397 |    927 |   5679 |   9 | 1005.4 |
        Temple |    289 |    233 |     56 |      0 |    220 |   1 |  289.0 |
         Abyss |     80 |     80 |      0 |      0 |      0 |   1 |   80.0 |
        Bailey |    652 |    652 |      0 |    298 |     89 |   1 |  652.0 |
               +--------+--------+--------+--------+--------+-----+--------+

Top non-repeatable levels by time:
     D:4: 1334 daAuts
     D:5: 1328 daAuts
     D:8: 1311 daAuts
     D:3: 1120 daAuts
     D:7: 1086 daAuts
     D:6: 1047 daAuts
     D:2: 807 daAuts
     D:1: 757 daAuts
  Bailey: 652 daAuts
  Temple: 289 daAuts
     D:9: 256 daAuts
 Abyss:1: 80 daAuts
